AoeStats
← Thomaz987

Yucatan

503115813Analyzed
3v3 RM · 1mo ago on Aug 30, 2026· 50m 15s· 6 players
Game mode
Random Map
Map size
Normal (6 player)
Population
200
Speed
Normal
Resources
Standard
Victory
Conquest
Starting age
Dark Age
Ending age
Imperial Age
RankedLock teamsTeams togetherTeam positionsShared explorationLock speedFull tech treeHidden civsTurbo modeCheats
Victory
Defeat
🇩🇪 Mongols · Germany
1034
+14
🇳🇱 Malay · Netherlands
924
+19
🇲🇾 Byzantines · Malaysia
917
+20
🇦🇺 Mongols · Australia
1000
-54
🇦🇺 Poles · Australia
1000
-54
🇦🇺 Slavs · Australia
1000
-54
soren_max
7:49 Loom
10:59 Feudal Age
11:29 Double-Bit Axe
13:58 Horse Collar
18:48 Castle Age
21:54 Heavy Plow
22:06 Bow Saw
25:01 Wheelbarrow
24:14 Town Watch
25:09 Fletching
25:25 Scale Barding Armor
26:28 Bloodlines
26:19 Husbandry
25:39 Light Cavalry
26:14 Pikeman
28:24 Squires
29:33 Chain Barding Armor
29:45 Ballistics
32:59 Stone Mining
34:23 Squires
34:23 Bodkin Arrow
35:55 Town Patrol
36:52 Murder Holes
39:44 Imperial Age
39:34 Scale Mail Armor
39:45 Forging
40:00 Hussar
41:49 Chain Mail Armor
Thomaz987
12:44 Feudal Age
13:33 Horse Collar
13:41 Double-Bit Axe
14:49 Town Watch
19:05 Loom
20:03 Wheelbarrow
19:14 Loom
20:18 Man-at-Arms
21:14 Scale Mail Armor
25:52 Castle Age
27:15 Hand Cart
27:10 Town Patrol
27:33 Chain Mail Armor
27:56 Bow Saw
27:49 Heavy Plow
28:01 Squires
27:28 Long Swordsman
28:11 Gold Mining
28:17 Stone Mining
29:14 Husbandry
32:22 Guard Tower
32:49 Masonry
32:49 Scale Barding Armor
32:56 Forging
32:50 Padded Archer Armor
32:15 Pikeman
35:34 Light Cavalry
36:25 Bloodlines
39:39 Chain Barding Armor
39:56 Iron Casting
39:15 Fletching
39:41 Leather Archer Armor
40:19 Caravan
40:53 Coinage
Muskrat
14:28 Feudal Age
17:34 Man-at-Arms
25:19 Arson
38:17 Castle Age
39:00 Loom
39:53 Wheelbarrow
38:43 Long Swordsman
41:25 Squires
p44n
10:32 Feudal Age
16:27 Castle Age
15:10 Double-Bit Axe
15:10 Horse Collar
19:58 Wheelbarrow
19:45 Squires
20:51 Heavy Plow
22:27 Hand Cart
22:21 Loom
23:01 Scale Mail Armor
23:38 Bow Saw
23:50 Gold Mining
24:52 Stone Mining
26:27 Gold Shaft Mining
27:09 Treadmill Crane
30:33 Imperial Age
29:15 Stone Shaft Mining
29:08 Ballistics
29:29 Forging
29:19 Pikeman
31:03 Fletching
31:49 Iron Casting
31:30 Chain Mail Armor
31:52 Crop Rotation
32:24 Two-Man Saw
32:32 Conscription
32:35 Scale Barding Armor
33:06 Iron Casting
33:41 Chain Barding Armor
35:00 Chemistry
34:02 Husbandry
33:27 Light Cavalry
35:09 Elite Cataphract
37:13 Plate Barding Armor
38:42 Chain Mail Armor
38:23 Bodkin Arrow
37:57 Hussar
39:58 Hoardings
40:25 Logistica
El Coco Loco
13:39 Feudal Age
14:17 Loom
16:22 Wheelbarrow
15:34 Double-Bit Axe
16:27 Gold Mining
16:27 Stone Mining
17:08 Town Watch
19:50 Castle Age
19:13 Horse Collar
19:52 Fletching
20:03 Padded Archer Armor
20:13 Forging
20:09 Scale Barding Armor
20:18 Bloodlines
20:57 Bow Saw
20:48 Heavy Plow
21:05 Hand Cart
21:52 Leather Archer Armor
21:33 Bodkin Arrow
27:55 Husbandry
27:20 Elite Skirmisher
28:40 Gold Shaft Mining
29:00 Stone Shaft Mining
29:39 Nomads
30:58 Iron Casting
30:47 Chain Barding Armor
32:22 Thumb Ring
35:16 Masonry
35:06 Murder Holes
38:23 Imperial Age
35:53 Town Patrol
36:27 Ballistics
38:27 Capped Ram
40:10 Chemistry
39:38 Parthian Tactics
39:17 Bracer
40:17 Blast Furnace
38:48 Elite Mangudai
39:49 Conscription
40:06 Hoardings
40:44 Drill
40:01 Siege Ram
41:05 Siege Engineers
SinbadSalmon
0:55 Loom
13:21 Feudal Age
13:15 Town Watch
13:18 Double-Bit Axe
14:47 Wheelbarrow
24:01 Castle Age
22:43 Fishing Lines
22:59 Gold Mining
23:03 Stone Mining
24:30 Hand Cart
24:16 Town Patrol
30:34 Medium Warships
30:30 Treadmill Crane
31:11 Ballistics
37:26 Thumb Ring
38:36 Thalassocracy
38:31 Pikeman
39:12 Squires
39:56 Murder Holes
40:38 Gillnets
41:42 Guard Tower
44:24 Masonry
44:26 Forging
44:08 Fletching
48:58 Imperial Age
48:06 Padded Archer Armor
48:42 Iron Casting
48:02 Bodkin Arrow
48:14 Scale Barding Armor
49:48 Conscription
Connection lost

Rejoining the realm…

Still unreachable

The connection could not be restored.

Session expired

The server has moved on; the page needs a fresh start.